 Dungeon Crawl Stone Soup version 0.17-a0-802-g1f09329 (webtiles) character file.

289 namelastname112 the Twirler (level 6, -22/52 HPs)
             Began as a Draconian Gladiator on Apr 26, 2015.
             Killed from afar by a centaur skeleton (36 damage)
             ... with an exploding inner flame
             ... hexed by the player character
             ... on level 4 of the Dungeon.
             The game lasted 00:04:53 (2748 turns).

namelastname112 the Twirler (Draconian Gladiator)   Turns: 2748, Time: 00:04:54

Health: -22/52     AC:  6    Str: 17    XL:     6   Next: 9%
Magic:  0/6        EV: 14    Int: 14    God:
Gold:   94         SH:  0    Dex: 14    Spells: 0 memorised, 5 levels left

rFire  . . .     SeeInvis .     a - +0 quarterstaff
rCold  . . .     Clarity  .     (armour unavailable)
rNeg   . . .     SustAb   .     (no shield)
rPois  .         Gourm    .     b - +0 hat
rElec  .         Spirit   +     (no cloak)
rCorr  .         Warding  .     (no gloves)
rMut   .         Stasis   .     (no boots)
MR     .....                    l - amulet of guardian spirit
Stlth  +.........               n - ring of invisibility
                                f - +4 ring of intelligence

@: about to teleport, not resistant to hostile enchantments, very unstealthy
A: unfitting armour, clever 1, cold-blooded, AC +6
a: Evoke Invisibility


You were on level 4 of the Dungeon.
You were not hungry.

You visited 1 branch of the dungeon, and saw 4 of its levels.

You collected 94 gold pieces.

Inventory:

Hand weapons
 a - a +0 quarterstaff (weapon)
Missiles
 c - 3 throwing nets (quivered)
 m - 7 curare-tipped needles
Armour
 b - a +0 hat (worn)
Jewellery
 f - a +4 ring of intelligence (left hand)
 l - an amulet of guardian spirit (around neck)
 n - a ring of invisibility (right hand)
Scrolls
 h - 2 scrolls of identify
 j - a scroll of enchant armour {unknown}
 k - 3 scrolls of teleportation
 q - 3 scrolls of remove curse
Books
 t - a book of Dreams

   Spells                             Type                      Level
   a - Ensorcelled Hibernation        Hexes/Ice                    2
   b - Flight                         Charms/Air                   3
   c - Phase Shift                    Translocation                5
   d - Shadow Creatures               Summoning                    5
   e - Mass Confusion                 Hexes                        6
   f - Darkness                       Hexes                        7
Comestibles
 d - 3 bread rations
 o - a slice of pizza
 r - a beef jerky


   Skills:
 + Level 4.0 Fighting
 * Level 5.1 Staves
 - Level 1.7 Throwing
 + Level 4.0 Dodging


You had 5 spell levels left.
You didn't know any spells.

Dungeon Overview and Level Annotations

Branches:
Dungeon (4/15)
 Temple: D:4-7

Altars:

Annotations:
D:3 Jessica; Viceroy's ghost, average DgIE
D:4 Grinder


Innate Abilities, Weirdness & Mutations

Your plain brown scales are hard (AC +6).
Your body does not fit into most forms of armour.
You are cold-blooded and may be slowed by cold attacks.
Your mind is acute. (Int +2)


Message History

Identify which item? (\ to view known items) (? for menu, Esc to quit)
q - 3 scrolls of remove curse The centaur skeleton hits you.
Read which item? (? for menu, Esc to quit)
As you read the scroll labeled NOOWNA NOWNU, it crumbles to dust.
It is a scroll of recharging.
You aren't carrying any rechargeable items.
The centaur skeleton hits you.
* * * LOW HITPOINT WARNING * * *
Read which item? (? for menu, Esc to quit)
As you read the scroll labeled BEIFUG POMESS, it crumbles to dust.
You feel strangely unstable.
It was a scroll of teleportation.
The centaur skeleton closely misses you. x2
You sock the centaur skeleton!
The centaur skeleton explodes!
The fiery explosion engulfs the kobold.
The kobold explodes!
The fiery explosion engulfs you!
Ouch! That really hurt!
You die...

... ... #.. ..# ..
########§######..
#.......§§§.).....
#.# #(# #.# #@##
##.#######..###
#######.............#
#.....#.............#
#.....#.............#
#.....#.............#
....................#
#...................#
#...................#


There were no monsters in sight!

Vanquished Creatures
  A crimson imp (D:4)
  Ijyb (D:2)
  An orc wizard (D:3)
  An orc priest (D:3)
  Terence (D:3)
  A worker ant (D:4)
  4 adders
  5 worms
  3 giant geckos
  2 orcs (D:3)
  A ball python (D:1)
  6 bats
  5 giant cockroaches
  9 goblins
  6 hobgoblins
  12 kobolds
  7 giant newts
  2 jackals (D:1)
  A quokka (D:2)
  6 rats
75 creatures vanquished.

Notes
Turn   | Place    | Note
--------------------------------------------------------------
     0 | D:1      | namelastname112, the Draconian Gladiator, began the quest for the Orb.
     0 | D:1      | Reached XP level 1. HP: 17/17 MP: 1/1
   483 | D:1      | Reached XP level 2. HP: 25/25 MP: 2/2
   798 | D:1      | Reached XP level 3. HP: 30/30 MP: 3/3
  1183 | D:2      | Noticed Ijyb
  1197 | D:2      | Killed Ijyb
  1197 | D:2      | Reached skill level 4 in Staves
  1197 | D:2      | Reached XP level 4. HP: 36/38 MP: 4/4
  1240 | D:2      | HP: 1/38 [poisoned by an adder]
  1860 | D:3      | Noticed Terence
  1876 | D:3      | Killed Terence
  1876 | D:3      | Reached XP level 5. HP: 31/45 MP: 3/5
  1948 | D:3      | Noticed Jessica
  2496 | D:3      | Noticed Viceroy's ghost (average DgIE)
  2629 | D:4      | Gained mutation: Your spells are a little harder to cast, but a little more powerful. [potion of mutation]
  2629 | D:4      | Lost mutation: Your spells are a little harder to cast, but a little more powerful. [potion of mutation]
  2629 | D:4      | Gained mutation: Your mind is acute. (Int +2) [potion of mutation]
  2699 | D:4      | Reached skill level 5 in Staves
  2709 | D:4      | Reached XP level 6. HP: 42/52 MP: 4/6
  2731 | D:4      | Noticed Grinder
  2748 | D:4      | Killed from afar by a centaur skeleton

Action                   |  1- 3 |  4- 6 || total
-------------------------+-------+-------++-------
Melee: Quarterstaff      |   106 |   156 ||   262
Throw: Throwing net      |       |     1 ||     1
  Use: Potion            |       |     4 ||     4
       Scroll            |       |     4 ||     4
 Stab: Held in net/web   |       |     1 ||     1
  Eat: Chunk             |       |     6 ||     6
